 Dungeon Crawl Stone Soup version 0.30.0-5-g1a98f26d00 (webtiles) character file.

Game seed: 15628329440950934057

101 Ihaveafatcat the Shooter (level 4, -2/23 HPs)
             Began as a Vine Stalker Hunter on May 8, 2023.
             Killed by nerve-wracking pain
             ... invoked by an orc priest
              (9 damage)
             ... on level 3 of the Dungeon on May 9, 2023.
             The game lasted 00:02:51 (2106 turns).

Ihaveafatcat the Shooter (Vine Stalker Hunter)      Turns: 2106, Time: 00:02:52

Health: -2/23      AC:  3    Str: 16    XL:     4   Next: 75%
Magic:  0/5        EV: 12    Int:  9    God:
Gold:   181        SH:  0    Dex: 17    Spells: 3/3 levels left

rFire   . . .        a - +0 shortbow
rCold   . . .        (shield currently unavailable)
rNeg    . . .        c - +0 leather armour
rPois   .            (no helmet)
rElec   .            (no cloak)
rCorr   .            (no gloves)
SInv    .            (no boots)
Will    .....        (no amulet)
Stlth   ++           (no ring)
HPRegen 1.03/turn    (no ring)
MPRegen 0.09/turn

%: guardian spirit
@: no status effects
A: fangs 2, regeneration 1, magic shield, antimagic bite, no potion heal 2
a: no special abilities


You were on level 3 of the Dungeon.
You visited 1 branch of the dungeon, and saw 3 of its levels.

You collected 181 gold pieces.

Inventory:

Hand Weapons
 a - a +0 shortbow (weapon)
Armour
 c - a +0 leather armour (worn)
Wands
 l - a wand of roots (4)
Scrolls
 b - a scroll of immolation
 e - a scroll of noise {unknown}
 h - 2 scrolls of acquirement {unknown}
 i - a scroll of enchant armour {unknown}
 j - a scroll of identify {unknown}
 k - a scroll of torment {unknown}
 m - a scroll of brand weapon {unknown}
 o - a scroll of vulnerability {unknown}
 p - a scroll of teleportation {unknown}
Potions
 d - a potion of attraction {unknown}
 f - 2 potions of flight {unknown}
 g - 4 potions of curing {unknown}
 n - a potion of magic {unknown}


   Skills:
 + Level 2.4 Fighting
 + Level 4.9 Ranged Weapons
 + Level 0.9 Armour
 + Level 1.6 Dodging
 + Level 1.4 Stealth


You had 3 spell levels left.
You didn't know any spells.
Your spell library contained the following spells:

 Spells                   Type           Power      Damage    Failure   Level
 Sting                    Tmut/Pois      0%         1d3       45%         1
 Poisonous Vapours        Pois/Air       0%         N/A       58%         2
 Olgreb's Toxic Radiance  Pois           0%         N/A       99%         4


Dungeon Overview and Level Annotations

Branches:
Dungeon (3/15)

Altars:


Innate Abilities, Weirdness & Mutations

You have extremely sharp teeth.
Your natural rate of healing is unusually fast.
When hurt, damage is shared between your health and your magic reserves.
Your bite disrupts and absorbs the magic of your enemies.
Potions cannot restore your health.


Message History

There are monsters nearby!
You shoot an arrow. The arrow hits the orc.
The orc is almost dead.
There are monsters nearby!
You shoot an arrow. The arrow barely misses the orc.
There are monsters nearby!
You shoot an arrow. The arrow hits the orc.
You kill the orc!
There are monsters nearby!
You shoot an arrow. The arrow barely misses the orc.
The orc hits you with a +0 club.
There are monsters nearby!
You shoot an arrow. The arrow closely misses the orc.
There are monsters nearby!
You shoot an arrow. The arrow hits the orc priest.
The orc priest is moderately wounded.
The orc hits you with a +0 club. The orc priest closely misses you.
There are monsters nearby!
You shoot an arrow. The arrow hits the orc priest!
The orc priest is almost dead.
The orc hits you with a +0 club. The orc priest hits you with a +0 mace!
There are monsters nearby!
There are monsters nearby!
You shoot an arrow.
The arrow closely misses the orc priest.
The orc hits you with a +0 club.
The orc priest hits you with a +0 mace. x2
* * * LOW HITPOINT WARNING * * *
The orc hits you with a +0 club.
* * * LOW HITPOINT WARNING * * *
You are too injured to fight recklessly!
There are monsters nearby!
The orc priest looks satisfied for a moment.
You are too injured to fight recklessly!
You are too injured to fight recklessly!
You shoot an arrow. The arrow hits the orc!
You kill the orc!
The orc priest begins to cast a cantrip, but forgets the words!
The orc priest invokes the aid of Beogh against you.
Pain shoots through your body!
You die...

##############
#..........@.#
##.#.########o#
##.###.### .#
#.## #.. .#
##.## .#.# .#
###.#.# .# ..
#....# . ..
###.#.## # ..
##.#.#.#


You could see an orc priest.

Vanquished Creatures
  2 adders (D:2)
  An ufetubus (D:2)
  An adder skeleton (D:2)
  A worm (D:2)
  10 dart slugs
  3 orcs (D:3)
  A ball python (D:1)
  3 giant cockroaches
  4 goblins
  9 hobgoblins
  3 kobolds
  2 quokkas (D:1)
  A bat (D:1)
  3 frilled lizards
  A giant cockroach zombie (D:2)
  A quokka skeleton (D:2)
  3 rats
49 creatures vanquished.

Notes
Turn   | Place    | Note
-------+----------+-------------------------------------------
     0 | D:1      | Ihaveafatcat the Vine Stalker Hunter began the quest for
                  | the Orb.
     0 | D:1      | Reached XP level 1. HP: 11/11 MP: 2/2
   189 | D:1      | Reached XP level 2. HP: 13/15 MP: 1/3
   329 | D:1      | Reached skill level 4 in Ranged Weapons
   870 | D:2      | Reached XP level 3. HP: 10/18 MP: 4/4
  1368 | D:2      | Gained mutation: Your natural rate of healing is unusually
                  | fast. [Vine Stalker growth]
  1368 | D:2      | Reached XP level 4. HP: 23/23 MP: 5/5
  2106 | D:3      | Killed from afar by an orc priest

Illustrated notes

Levels and vault maps discovered:
D:1:      co_arrival_square_in_a_square_in_a_square, layout_basic
D:2:      wad_lake_hut, layout_basic, serial_undead, serial_undead_b,
          serial_undead_a, serial_undead_a, serial_undead_e, serial_undead_b,
          serial_undead_c
D:3:      kennysheep_slugbush, layout_loops_ring,
          mainiacjoe_overflow_catwalk_spiral

Skill      XL: |  1  2 |
---------------+-------+-----
Fighting       | 2 |  2.4
Ranged Weapons | 4 |  4.9
Armour         | |  0.9
Dodging        | |  1.6
Stealth        | |  1.4

Action                     |  1- 3 |  4- 6 || total
---------------------------+-------+-------++-------
   Fire: Shortbow          |    71 |    61 ||   132
 Armour: Leather armour    |     5 |       ||     5
  Dodge: Dodged            |    10 |     6 ||    16
